[Event "*** Titled Tuesday Blitz"]
[Site "Chess.com"]
[Date "2021.03.02"]
[Round "2"]
[White "whogeeyao"]
[Black "MerryPoppies"]
[Result "1-0"]
[WhiteElo "2413"]
[BlackElo "2145"]
[TimeControl "180+1"]
[EndTime "10:17:09 PST"]
[Termination "whogeeyao won by resignation"]

1. e4 e5 2. Nf3 Nc6 3. Bb5 f5 4. exf5 Nf6 5. Qe2 d6 6. d4 e4 7. Nc3 d5 8. Ne5 Bd7 9. Bg5 Nxd4 10. Bxd7+ Qxd7 11. Nxd7 Nxe2 12. Nxf6+ gxf6 13. Bxf6 Nxc3 14. Bxh8 Nb5 15. O-O-O Bh6+ 16. Kb1 O-O-O 17. Be5 c6 18. g4 Nd6 19. b3 Nf7 20. Bd4 Ng5 21. Bxa7 Nf3 22.
Be3 Bg7 23. h4 d4 24. Bf4 c5 25. g5 d3 26. cxd3 exd3 27. Rh3 Ne5 28. f6 1-0

[Event "*** Titled Tuesday Blitz"]
[Site "Chess.com"]
[Date "2021.03.02"]
[Round "2"]
[White "RobertoJBM"]
[Black "tomsishere"]
[Result "1-0"]
[WhiteElo "2709"]
[BlackElo "2488"]
[TimeControl "180+1"]
[EndTime "10:17:10 PST"]
[Termination "RobertoJBM won by checkmate"]

1. d4 b6 2. e4 Bb7 3. Bd3 e6 4. Nf3 c5 5. c3 cxd4 6. cxd4 Nc6 7. a3 d6 8. O-O Nf6 9. Qe2 Be7 10. b4 e5 11. d5 Nb8 12. Nbd2 Nbd7 13. Bb2 O-O 14.
Rfc1 g6 15. Ba6 Qb8 16. Rc2 Nh5 17. g3 f5 18. Bxb7 Qxb7 19. Rac1 Rac8 20. Rc6 f4 21. Qc4 Rcd8 22. Rc7 Qb8 23. Qa6 fxg3 24. hxg3 Nhf6 25. Qxa7 Qxa7 26. Rxa7 Nxe4 27. Nxe4 Rxf3 28. Rcc7 Nf6 29. Ng5 Rb3 30. Rxe7 Rxb2 31. Rg7+ Kh8 32. Rgf7 Nh5 33. Rxh7+ Kg8 34. Rh6 Rc8 35. Rxg6+ Kf8 36. Ne6+ Ke8 37. Rg8# 1-0

[Event "*** Titled Tuesday Blitz"]
[Site "Chess.com"]
[Date "2021.03.02"]
[Round "2"]
[White "Stouuf"]
[Black "Alniro4"]
[Result "1-0"]
[WhiteElo "2625"]
[BlackElo "2312"]
[TimeControl "180+1"]
[EndTime "10:17:11 PST"]
[Termination "Stouuf won on time"]

1. e4 e5 2. Nf3 Nf6 3. Nxe5 d6 4. Nf3 Nxe4 5. Nc3 Nf6 6. d4 d5 7. Bd3 Be7 8. O-O O-O 9. h3 Re8 10. Re1 Nbd7 11. Ne5 Nf8 12. Ne2 Ne6 13. c3 c5 14.
Be3 cxd4 15. Nxd4 Bd6 16. Nef3 Bd7 17. Qc2 Nc5 18. Bf5 Nce4 19. Rad1 Bxf5 20. Nxf5 Bf8 21.
Bd4 Qa5 22. a3 Qa6 23. Nd2 Rac8 24. Nxe4 Nxe4 25. Ne3 Qc6 26. Qe2 a6 27. Qf3 g6 28.
Rd3 f5 29. Red1 Rcd8 30. g4 1-0

[Event "*** Titled Tuesday Blitz"]
[Site "Chess.com"]
[Date "2021.03.02"]
[Round "2"]
[White "StockholmMissile"]
[Black "champ2005"]
[Result "0-1"]
[WhiteElo "2596"]
[BlackElo "3009"]
[TimeControl "180+1"]
[EndTime "10:17:12 PST"]
[Termination "champ2005 won by resignation"]

1. d4 Nf6 2. c4 g6 3. Nc3 Bg7 4.
e4 d6 5. h3 O-O 6. Be3 c5 7. Nf3 cxd4 8. Nxd4 b6 9. Be2 Bb7 10. f3 Nh5 11. O-O Ng3 12. Re1 Nxe2+ 13. Qxe2 Nd7 14. Red1 Rc8 15. Rac1 a6 16. Nd5 e6 17. Nc3 Qe7 18. Nb3 Ne5 19. Na4 Nxc4 20. Rxc4 Rxc4 21. Qxc4 b5 22. Qb4 bxa4 23. Na5 Ba8 24.
Qxd6 Qxd6 25. Rxd6 Bxb2 26. Rxa6 Rc8 27. Bh6 f5 28.
exf5 exf5 29. Nc4 Rxc4 30. Rxa8+ Kf7 31. Ra7+ Ke6 32. Bf8 Bd4+ 0-1

[Event "*** Titled Tuesday Blitz"]
[Site "Chess.com"]
[Date "2021.03.02"]
[Round "2"]
[White "Rap_woyska"]
[Black "AryanTari"]
[Result "0-1"]
[WhiteElo "2556"]
[BlackElo "2905"]
[TimeControl "180+1"]
[EndTime "10:17:12 PST"]
[Termination "AryanTari won by resignation"]

1. c4 e6 2. Nf3 d5 3. e3 Nf6 4. b3 g6 5. Bb2 Bg7 6. Nc3 O-O 7. d4 c6 8. Bd3 Nbd7 9. O-O b6 10.
Qe2 Bb7 11. Rad1 Qc7 12. e4 dxe4 13. Nxe4 Nxe4 14. Bxe4 Nf6 15. Bc2 c5 16. dxc5 Qxc5 17. Ne5 Rfd8 18. h3 Qe7 19. Rxd8+ Rxd8 20. Rd1 Rxd1+ 21.
Qxd1 Qc7 22. Qe2 Nd7 23. Nd3 Bxb2 24. Nxb2 Qc6 25. f3 Qc5+ 26. Qf2 Qe5 27. Nd3 Qc3 28. Nf4 Ne5 29. Be4 Qc1+ 30. Kh2 Qxf4+ 31. g3 Nxf3+ 0-1

[Event "*** Titled Tuesday Blitz"]
[Site "Chess.com"]
[Date "2021.03.02"]
[Round "2"]
[White "MalyDominator"]
[Black "MarcoRiehle"]
[Result "1/2-1/2"]
[WhiteElo "2489"]
[BlackElo "2688"]
[TimeControl "180+1"]
[EndTime "10:17:12 PST"]
[Termination "Game drawn - insufficient material"]

1. e4 e5 2. Nf3 Nf6 3. Nxe5 Nxe4 4. Qe2 Qe7 5. Qxe4 d6 6. d4 dxe5 7. Qxe5 Qxe5+ 8. dxe5 Bf5 9. Bd3 Bxd3 10. cxd3 Nc6 11. f4 Nb4 12. Na3 Nxd3+ 13. Ke2 Nxc1+ 14.
Raxc1 Bxa3 15. bxa3 O-O-O 16. Rhd1 Rhe8 17. Kf3 Re6 18. Rxd8+ Kxd8 19. Rd1+ Ke7 20. Rc1 Kd7 21. Rd1+ Kc8 22. Ke4 Ra6 23. Rd3 g6 24. g4 Ra4+ 25. Kf3 a5 26. f5 gxf5 27. gxf5 Rh4 28. Kg3 Re4 29. e6 f6 30. Rd7 c5 31. Rxh7 c4 32. Kf3 Re5 33. e7 c3 34. Rh8+ Kd7 35. e8=Q+ Rxe8 36. Rxe8 Kxe8 37. Ke3 b5 38. Kd3 b4 39.
axb4 axb4 40. a3 bxa3 41. Kxc3 Kd7 42. Kb3 Kd6 43. Kxa3 Ke5 44. Kb3 Kxf5 45. Kc3 Ke4 46. h4 f5 47. h5 f4 48. h6 f3 49. h7 f2 50. h8=Q f1=Q 51. Qe8+ Kf3 52. Qf8+ Ke2 53.
Qxf1+ Kxf1 1/2-1/2

[Event "*** Titled Tuesday Blitz"]
[Site "Chess.com"]
[Date "2021.03.02"]
[Round "2"]
[White "publicaccountcze"]
[Black "Tactictic"]
[Result "0-1"]
[WhiteElo "2216"]
[BlackElo "2435"]
[TimeControl "180+1"]
[EndTime "10:17:13 PST"]
[Termination "Tactictic won on time"]

1. d4 Nf6 2. c4 e6 3. Nc3 Bb4 4. Qc2 O-O 5. e4 d5 6. cxd5 exd5 7. e5 Ne4 8. Bd3 Qh4 9. g3 Qh5 10. Bxe4 dxe4 11. Qxe4 Nc6 12. Be3 Bf5 13. Qf3 Bg4 14.
Qg2 Rad8 15. f3 Be6 16. Ne2 Bc4 17. Rd1 Nxe5 18. dxe5 Qxe5 19. Kf2 Rfe8 20. Rxd8 Qxe3+ 21. Kf1 Rxd8 22. Qf2 Qxf2+ 23. Kxf2 Bc5+ 24. Kg2 Rd2 25. Re1 Rxb2 26. Rd1 Bxe2 27. Rd8+ Bf8 28. Nd5 Bc4+ 29. Kh3 Bxd5 30. Rxd5 Rxa2 31. Rd7 Rc2 0-1

[Event "*** Titled Tuesday Blitz"]
[Site "Chess.com"]
[Date "2021.03.02"]
[Round "2"]
[White "KarateBaby"]
[Black "ZEN-22"]
[Result "0-1"]
[WhiteElo "2206"]
[BlackElo "2428"]
[TimeControl "180+1"]
[EndTime "10:17:14 PST"]
[Termination "ZEN-22 won by resignation"]

1. Nf3 f5 2. d3 Nf6 3. e4 fxe4 4. dxe4 Nxe4 5. Bd3 Nf6 6. Ng5 g6 7. Nxh7 Rxh7 8. Bxg6+ Rf7 9. Bg5 d5 10. Bxf6 exf6 11.
O-O Bg7 12. Qh5 Qd7 13. Nc3 Nc6 14. Rad1 d4 15. Qh7 Kf8 16. Bxf7 Qxf7 17. Nb5 f5 18.
Rfe1 a6 19. Na3 Be6 20. Qh4 Bf6 21. Qf4 Rd8 22. c3 dxc3 23. Rxd8+ Nxd8 24. bxc3 Bxc3 25. Rc1 Qg7 26. Nb1 Be5 27. Qd2 Nf7 28. Qb4+ Nd6 29.
Qxb7 Nxb7 0-1

[Event "*** Titled Tuesday Blitz"]
[Site "Chess.com"]
[Date "2021.03.02"]
[Round "2"]
[White "ARTHURMOTIVATOR"]
[Black "Airquake"]
[Result "0-1"]
[WhiteElo "2336"]
[BlackElo "2670"]
[TimeControl "180+1"]
[EndTime "10:17:15 PST"]
[Termination "Airquake won by resignation"]

1. e4 c5 2. Nf3 d6 3. d4 cxd4 4. Nxd4 Nf6 5. Nc3 a6 6. h3 e6 7. g4 Qc7 8. Bg2 Nc6 9. O-O Be7 10. Kh1 O-O 11. g5 Nd7 12. f4 Nxd4 13. Qxd4 b5 14. f5 Bb7 15. f6 gxf6 16. gxf6 e5 17. Qg1 Bxf6 18. Bh6 Kh8 19. Bxf8 Rxf8 20. Nd5 Bxd5 21. exd5 Rg8 22. Qf2 Rg7 23. Rae1 Bg5 24. Re4 Nf6 25.
Re2 Nh5 26. Re4 Bf4 27. Rfe1 Ng3+ 28. Kg1 Nxe4 29. Rxe4 f5 30. Rxf4 exf4 31. Qxf4 Qxc2 32. Qf3 Qe4 33. Qf2 Qxd5 34. Kh1 Qe5 35. Qc2 Qe1+ 36. Kh2 Qg3+ 37. Kh1 Qxg2+ 38. Qxg2 Rxg2 39. Kxg2 Kg7 40. Kf3 Kf6 41. Kf4 d5 0-1

[Event "*** Titled Tuesday Blitz"]
[Site "Chess.com"]
[Date "2021.03.02"]
[Round "2"]
[White "Mazanchenko_Dmitry"]
[Black "ajdemipopushi"]
[Result "1-0"]
[WhiteElo "2095"]
[BlackElo "2370"]
[TimeControl "180+1"]
[EndTime "10:17:15 PST"]
[Termination "Mazanchenko_Dmitry won on time"]

1. e4 c5 2. Ne2 g6 3. d4 cxd4 4. Qxd4 Nf6 5. e5 Nc6 6. Qc3 Ne4 7. Qf3 Qa5+ 8. Nbc3 Nxc3 9. Nxc3 Qxe5+ 10. Be2 Bg7 11.
O-O O-O 12. Bf4 Qa5 13. Nd5 d6 14. Bg5 Re8 15. Bb5 Qxb5 16. Nc7 Qxg5 17. Nxe8 Bxb2 18. Rab1 Be5 19. Nc7 Rb8 20. Qa3 Bd7 21. g3 Qh5 22. Nd5 Be6 23. Ne3 Nd4 24. f4 Bf6 25. Qxa7 Rc8 26.
Qxb7 Nf3+ 27. Qxf3 1-0

[Event "*** Titled Tuesday Blitz"]
[Site "Chess.com"]
[Date "2021.03.02"]
[Round "2"]
[White "niki_2003"]
[Black "oogee"]
[Result "0-1"]
[WhiteElo "2007"]
[BlackElo "2369"]
[TimeControl "180+1"]
[EndTime "10:17:15 PST"]
[Termination "oogee won by checkmate"]

1. e4 c5 2. Nf3 d6 3. d4 cxd4 4. Nxd4 Nf6 5. Nc3 g6 6. Be3 Bg7 7. f3 Nc6 8. Qd2 O-O 9. O-O-O d5 10. Nxc6 bxc6 11. Qe1 e5 12. Bg5 d4 13. h4 Be6 14. a3 Rb8 15. g4 Qa5 16. Nd5 Qxe1 17. Nxf6+ Bxf6 18. Rxe1 Bxg5+ 19. hxg5 f6 20. gxf6 Rxf6 21.
b3 Rxf3 22. Be2 Re3 23. Rh2 Bxg4 24. Bc4+ Kg7 25. Reh1 h5 26. Rg2 Bf3 27. Rgg1 Bxh1 28. Rxh1 Rxe4 29. Bd3 Re3 30. Rg1 e4 31. Bc4 h4 32. Rg4 h3 33. Rh4 Rh8 34. Rg4 h2 35. Kb2 h1=Q 36. Rf4 Qe1 37. Rf7+ Kh6 38. Rf3 Qc3+ 39.
Kb1 exf3 40. Ka2 Re1 41. b4 Ra1# 0-1

[Event "*** Titled Tuesday Blitz"]
[Site "Chess.com"]
[Date "2021.03.02"]
[Round "2"]
[White "Duhless"]
[Black "hermionegrangermagic"]
[Result "1-0"]
[WhiteElo "3078"]
[BlackElo "2599"]
[TimeControl "180+1"]
[EndTime "10:17:16 PST"]
[Termination "Duhless won by resignation"]

1. d4 d5 2. Nf3 Nf6 3. c4 e6 4.
g3 Be7 5. Bg2 O-O 6. Qc2 dxc4 7.
Qxc4 a6 8. Qc2 Nbd7 9. O-O c5 10. Rd1 cxd4 11. Nxd4 Qb6 12. Na3 Bc5 13. Nc4 Qa7 14. Be3 Ng4 15. Rac1 Nxe3 16. fxe3 Nf6 17. Na5 Bb6 18. Nc4 Bc5 19. a3 Rd8 20. b4 Bxd4 21. exd4 Rxd4 22. Rxd4 Qxd4+ 23. e3 Qd8 24. Ne5 Rb8 25. Qc7 Qxc7 26. Rxc7 Nd5 27. Rxf7 Nxe3 28. Be4 Nc4 29. Bxh7+ Kxh7 30. Nxc4 e5 31. Rf8 Be6 32. Rxb8 Bxc4 33. Rxb7 Kg6 34. Rc7 Bb5 35. Kf2 Kf6 36. Ke3 Ke6 37. Rxg7 Kd5 38. Rc7 Bc6 39. h4 Be8 40.
Rc5+ Ke6 41. g4 Kf6 42. Ra5 Ke6 43. Rxa6+ Kd5 44. Ra5+ Kc4 45. Rxe5 1-0

[Event "*** Titled Tuesday Blitz"]
[Site "Chess.com"]
[Date "2021.03.02"]
[Round "2"]
[White "Mihnea2017"]
[Black "Pantata007"]
[Result "1-0"]
[WhiteElo "2452"]
[BlackElo "2241"]
[TimeControl "180+1"]
[EndTime "10:17:16 PST"]
[Termination "Mihnea2017 won by checkmate"]

1. e4 e5 2. Nf3 Nc6 3. Bc4 Bc5 4. O-O Nf6 5. d3 d6 6. c3 O-O 7. Nbd2 a5 8. a4 Be6 9. h3 Bxc4 10. Nxc4 h6 11.
Be3 Bxe3 12. Nxe3 d5 13. exd5 Nxd5 14. Nc4 Re8 15. Re1 Qf6 16. Qb3 Nf4 17. Qxb7 Nxh3+ 18. Kf1 Nf4 19. Re3 Nxd3 20. Rxd3 e4 21. Re3 exf3 22. Rxf3 Qe6 23. Ne3 Ne5 24. Rg3 Rab8 25. Qxc7 Rxb2 26. Rd1 Qa2 27. Kg1 Rxf2 28. Rd8 Rxd8 29. Qxd8+ Kh7 30. Nd5 Rd2 31. Nf6+ gxf6 32. Qg8# 1-0

[Event "*** Titled Tuesday Blitz"]
[Site "Chess.com"]
[Date "2021.03.02"]
[Round "2"]
[White "nurgyulsalimova"]
[Black "Atco84"]
[Result "0-1"]
[WhiteElo "2652"]
[BlackElo "2434"]
[TimeControl "180+1"]
[EndTime "10:17:17 PST"]
[Termination "Atco84 won on time"]

1. d4 e6 2. Nf3 c5 3. b3 Nf6 4. Bb2 d5 5. e3 b6 6. Ne5 Bd6 7.
Nd2 O-O 8. Bd3 Bb7 9. O-O Ne4 10. Nxe4 dxe4 11. Bc4 Qg5 12. h4 Qxh4 13. dxc5 Bxc5 14.
b4 Bxb4 15. Qd4 Bc5 16. Qc3 Qg5 17. Rad1 Nc6 18. Nd7 Rfd8 19. Nxc5 bxc5 20. Ba1 Rab8 21. Rb1 Ba8 22. Rfd1 Rxb1 23. Rxb1 h5 24. Bb5 Ne7 25. Kh2 h4 26. Bc4 Nf5 0-1

[Event "*** Titled Tuesday Blitz"]
[Site "Chess.com"]
[Date "2021.03.02"]
[Round "2"]
[White "kikydu96"]
[Black "ChessWarrior7197"]
[Result "0-1"]
[WhiteElo "2567"]
[BlackElo "2926"]
[TimeControl "180+1"]
[EndTime "10:17:18 PST"]
[Termination "ChessWarrior7197 won by resignation"]

1. e4 c5 2. Nf3 d6 3. d4 cxd4 4. Nxd4 Nf6 5. Nc3 a6 6. a3 g6 7. Be3 Bg7 8. Qd2 Ng4 9. Bg5 Nc6 10. Nb3 h6 11. Bh4 Be6 12. Be2 Rc8 13. O-O g5 14. Bg3 Nge5 15. Nd5 Ng6 16. Rad1 Nce5 17. Nd4 O-O 18.
Nf5 Nc4 19. Bxc4 Rxc4 20. Nxg7 Kxg7 21. c3 Rxe4 22. Qd3 f5 23. f3 Ra4 24. Kh1 f4 25.
Bf2 Ne5 26. Bd4 Bxd5 27. Bxe5+ dxe5 28. Qxd5 Qxd5 29. Rxd5 e4 30. Re5 exf3 31. Rxe7+ Kf6 32. Rxb7 fxg2+ 33. Kxg2 Rd8 34. Rf2 g4 35. h3 g3 36.
Re2 Rd3 37. Re8 Rd2+ 38. Kf3 Rf2+ 39. Kg4 g2 40. Rf8+ Ke6 41. Re8+ Kd6 42. Re1 Rf1 0-1

[Event "*** Titled Tuesday Blitz"]
[Site "Chess.com"]
[Date "2021.03.02"]
[Round "2"]
[White "K_A_S_T_O_R"]
[Black "dragos420"]
[Result "1-0"]
[WhiteElo "2795"]
[BlackElo "2523"]
[TimeControl "180+1"]
[EndTime "10:17:18 PST"]
[Termination "K_A_S_T_O_R won by resignation"]

1. e4 e5 2. Nf3 Nc6 3. Bc4 Nf6 4.
Ng5 d5 5. exd5 Na5 6. Bb5+ c6 7. dxc6 bxc6 8. Bd3 h6 9. Ne4 Nd5 10. O-O Nf4 11.
Be2 f5 12. Ng3 g6 13. d4 Nxe2+ 14. Qxe2 e4 15. Rd1 Bg7 16. f3 O-O 17. fxe4 fxe4 18.
Be3 Qh4 19. Nc3 Bg4 20. Qa6 Bxd1 21. Rxd1 Qd8 22. b4 c5 23. dxc5 Qc8 24. Qxg6 Qc6 25. Rd6 Qe8 26. Bxh6 Qxg6 27. Rxg6 Kh7 28. Bxg7 Kxg6 29.
Bxf8 Nc6 30. b5 Rxf8 31. bxc6 Rc8 32. Ngxe4 Rxc6 33. g4 1-0

[Event "*** Titled Tuesday Blitz"]
[Site "Chess.com"]
[Date "2021.03.02"]
[Round "2"]
[White "fabianvivasz"]
[Black "TST2014"]
[Result "0-1"]
[WhiteElo "2337"]
[BlackElo "2634"]
[TimeControl "180+1"]
[EndTime "10:17:18 PST"]
[Termination "TST2014 won on time"]

1. e4 c5 2. Nc3 Nc6 3. Bb5 Nd4 4.
Nf3 a6 5. Bd3 Nc6 6. O-O g6 7.
Re1 d6 8. e5 dxe5 9. Nxe5 Nxe5 10.
Rxe5 Qc7 11. Re1 Nf6 12. b3 Bg7 13. Bb2 O-O 14. Qf3 Ng4 15. Qg3 Be5 16. Rxe5 Qxe5 17. Qxe5 Nxe5 18. Nd5 Nc6 19. Nb6 Rb8 20. Ba3 Nb4 21.
Re1 Be6 22. Bxb4 cxb4 23. Be4 Rfd8 24. Rd1 Rd6 25. Na4 Rc8 26. Kf1 b5 27. Nb2 f5 28.
Bd3 Bd5 29. f3 e5 30. Re1 Re6 31. Nd1 e4 32. fxe4 fxe4 33. Be2 Rxc2 34. Ne3 Rxd2 35. Bg4 Rf6+ 36. Kg1 Bc6 37. Rc1 h5 38. Bh3 Rxa2 39. Bc8 a5 40. h4 a4 41. bxa4 bxa4 42. Nc4 b3 43. Ne5 b2 44. Rb1 Ra1 0-1

[Event "*** Titled Tuesday Blitz"]
[Site "Chess.com"]
[Date "2021.03.02"]
[Round "2"]
[White "Loy_Konstantin"]
[Black "superchess02"]
[Result "0-1"]
[WhiteElo "2346"]
[BlackElo "2791"]
[TimeControl "180+1"]
[EndTime "10:17:18 PST"]
[Termination "superchess02 won by resignation"]

1. e4 e5 2. Nf3 Nc6 3. d4 exd4 4. Nxd4 Nf6 5. Nxc6 bxc6 6. Bd3 d6 7. O-O Be7 8. Nc3 O-O 9. f4 Rb8 10. b3 d5 11. e5 Ng4 12. Qe2 Bc5+ 13. Kh1 Bd4 14. Bd2 Qh4 15. g3 Qh3 16. Qg2 Qxg2+ 17. Kxg2 Bxc3 18.
Bxc3 Ne3+ 19. Kf3 Nxf1 20. Rxf1 c5 21. Ba5 c4 22. bxc4 dxc4 23. Bxc4 Bb7+ 24. Ke3 Rbc8 25. Rd1 Rfd8 26. Rb1 Bd5 27. Bb3 g6 28. Bc3 Rb8 29. Bd4 a5 30. Rd1 Bxb3 31. axb3 c5 0-1

[Event "*** Titled Tuesday Blitz"]
[Site "Chess.com"]
[Date "2021.03.02"]
[Round "2"]
[White "Azerichess"]
[Black "Mikhail_Golubev"]
[Result "1-0"]
[WhiteElo "2966"]
[BlackElo "2585"]
[TimeControl "180+1"]
[EndTime "10:17:19 PST"]
[Termination "Azerichess won on time"]

1. d4 Nf6 2. c4 g6 3. Nf3 Bg7 4. g3 O-O 5. Bg2 d6 6. O-O Nbd7 7. Nc3 e5 8. Qc2 exd4 9. Nxd4 Nb6 10. Rd1 Nxc4 11.
Ncb5 a6 12. Qxc4 axb5 13. Nxb5 Ne8 14. Qc2 Qe7 15. Bf4 g5 16. Be3 c6 17. Nc3 f5 18.
Bd4 Nf6 19. b4 Be6 20. a4 Rae8 21. b5 d5 22. a5 Ne4 23. Nxe4 fxe4 24. Bxg7 Qxg7 25.
a6 bxa6 26. bxc6 Qa7 27. e3 Rc8 28. Bf1 a5 29. Rdc1 Rc7 30. Qc3 Bd7 31. Qe5 Rxc6 32.
Qxd5+ Re6 33. Bh3 1-0

[Event "*** Titled Tuesday Blitz"]
[Site "Chess.com"]
[Date "2021.03.02"]
[Round "2"]
[White "MatyChess1"]
[Black "ludogoretz"]
[Result "1-0"]
[WhiteElo "2592"]
[BlackElo "2315"]
[TimeControl "180+1"]
[EndTime "10:17:20 PST"]
[Termination "MatyChess1 won by checkmate"]

1. e4 c5 2. Nf3 Nc6 3. d4 cxd4 4. Nxd4 Nf6 5. Nc3 e5 6. Ndb5 d6 7. Bg5 a6 8. Na3 b5 9. Bxf6 gxf6 10. Nd5 f5 11. g3 Bg7 12. exf5 Bxf5 13. Bg2 O-O 14. c3 Rc8 15. Nc2 Be6 16. O-O Ne7 17. Nce3 f5 18. a4 f4 19. Nxe7+ Qxe7 20. Nd5 Qf7 21. Be4 Rc5 22. Nb4 bxa4 23. Qxd6 Rfc8 24. Rad1 Bf8 25. Qxa6 f3 26. Rfe1 Bc4 27. Qb7 R8c7 28. Qa8 Be2 29. Rd8 Rb5 30. Nd5 Ra7 31. Rxf8+ Qxf8 32. Qxa7 Rxb2 33.
Qxa4 Rb7 34. Nf6+ Qxf6 35. Qa8+ Kg7 36. Qxb7+ Kh6 37. Qxh7+ Kg5 38. Qh4# 1-0

[Event "*** Titled Tuesday Blitz"]
[Site "Chess.com"]
[Date "2021.03.02"]
[Round "2"]
[White "seorobert1971"]
[Black "sbouchet"]
[Result "1-0"]
[WhiteElo "2642"]
[BlackElo "2339"]
[TimeControl "180+1"]
[EndTime "10:17:21 PST"]
[Termination "seorobert1971 won on time"]

1. Nf3 g6 2. d4 Bg7 3. e4 c5 4.
d5 d6 5. c4 Bg4 6. Nc3 Nf6 7.
Be2 O-O 8. O-O Nbd7 9. Nd2 Bxe2 10. Qxe2 Re8 11. f4 e6 12. dxe6 fxe6 13. Qd3 Qe7 14. Nf3 a6 15. Kh1 Rad8 16. Bd2 Nb8 17. Rae1 Nc6 18. f5 Ng4 19. h3 Nge5 20. Nxe5 dxe5 21. Qe2 Nd4 22. Qf2 exf5 23. exf5 gxf5 24. Nd5 Qf7 25. Be3 Rf8 26. b4 cxb4 27. Bxd4 exd4 28. Re7 Qg6 29. Rxb7 Kh8 30. Rxb4 f4 31. Rb3 d3 32. Qf3 d2 33.
Rd3 Rc8 34. Ne7 Qe6 35. Nxc8 Qxc8 36. Rxd2 Qxc4 37. Qd3 Qc6 38. Qf3 Qc4 39. Re2 1-0

[Event "*** Titled Tuesday Blitz"]
[Site "Chess.com"]
[Date "2021.03.02"]
[Round "2"]
[White "AniJak"]
[Black "tjychess"]
[Result "0-1"]
[WhiteElo "2344"]
[BlackElo "2734"]
[TimeControl "180+1"]
[EndTime "10:17:21 PST"]
[Termination "tjychess won by resignation"]

1. e4 e5 2. Nf3 Nc6 3. Bb5 a6 4. Ba4 Nf6 5. O-O b5 6. Bb3 Bc5 7. c3 d6 8. d4 Bb6 9. h3 Bb7 10. Bg5 h6 11. Bxf6 Qxf6 12. dxe5 Nxe5 13. Nxe5 dxe5 14.
Nd2 O-O 15. Qe2 Rad8 16. Rad1 Qf4 17. Rfe1 Rd6 18. Qf3 Rxd2 19. Qxf4 Rxd1 20. Qxe5 Rxe1+ 21. Kh2 Rxe4 22. Qf5 Re2 23. f3 Rxb2 24. Kg3 c5 25.
Bc2 g6 26. Qd7 Bc8 27. Qd6 Rxc2 28. Qxb6 Rxc3 29. Qc7 c4 30. h4 h5 31. Kf4 Be6 32. Kg5 Kh7 33. Qe7 Rc8 34. Kf6 Rd3 35. Qb7 c3 36. g4 c2 37. gxh5 c1=Q 38. hxg6+ Kh6 39. Qe4 Qc3+ 0-1

[Event "*** Titled Tuesday Blitz"]
[Site "Chess.com"]
[Date "2021.03.02"]
[Round "2"]
[White "organdzievhren"]
[Black "tusplingher"]
[Result "1-0"]
[WhiteElo "2434"]
[BlackElo "2211"]
[TimeControl "180+1"]
[EndTime "10:17:21 PST"]
[Termination "organdzievhren won on time"]

1. e4 c5 2. Nf3 g6 3. h4 h5 4. Bc4 Nc6 5. d3 Bg7 6. Nc3 e6 7. a4 Nge7 8. Ng5 d5 9. Ba2 O-O 10.
f3 b6 11. Bf4 Bb7 12. Qd2 dxe4 13. fxe4 Qd7 14. O-O Rad8 15. Rae1 Nd4 16. Kh1 a6 17. Nf3 Nxf3 18. gxf3 b5 19. axb5 axb5 20. Bh6 b4 21.
Bxg7 Kxg7 22. Ne2 Nc6 23. Rg1 Ne5 24. Qf4 Qd6 25. Rg5 Nc6 26. Qxd6 Rxd6 27. Rxc5 Ra8 28. Bc4 Kf8 29. Kg1 Ke7 30. Kf2 Rc8 31. Ke3 Rcd8 32. f4 Rc8 33. Bb5 Rcd8 34. Ra1 Nb8 35. Ra7 Rb6 36. Nd4 Kd6 37. Rg5 Nd7 38. Bxd7 Rxd7 39. Rga5 f6 40. Rb5 Rxb5 41. Nxb5+ Kc5 42. c4 bxc3 43. Nxc3 e5 44. fxe5 fxe5 45. Ra1 Bc6 46. Rg1 1-0

[Event "*** Titled Tuesday Blitz"]
[Site "Chess.com"]
[Date "2021.03.02"]
[Round "2"]
[White "wadsy27"]
[Black "Smirnov_Pavel"]
[Result "0-1"]
[WhiteElo "2538"]
[BlackElo "2849"]
[TimeControl "180+1"]
[EndTime "10:17:23 PST"]
[Termination "Smirnov_Pavel won on time"]

1. c4 e6 2. g3 d5 3. Bg2 Nf6 4. Nf3 Be7 5. O-O O-O 6. b3 c5 7. Bb2 d4 8. e3 Nc6 9. exd4 cxd4 10.
Re1 Ng4 11. h3 Nh6 12. Ne5 Nxe5 13. Rxe5 f6 14. Re1 e5 15. d3 Nf7 16. Nd2 Rb8 17.
Rc1 Bf5 18. Qf3 Qd7 19. g4 Bg6 20. h4 f5 21. gxf5 Bxf5 22. Qg3 Bb4 23. Re2 Bg4 24. Nf3 Qf5 25. Rd1 Bd6 26. Re4 h5 27. Rde1 Qf6 28. c5 Bc7 29. Rxg4 hxg4 30. Qxg4 Rbe8 31. Re2 Nh6 32. Qg5 Nf5 33. Qxf6 gxf6 34. Bh3 Ng7 35. b4 Kf7 36. a4 Ne6 37. Bf5 Nf4 38. Re1 Rg8+ 39.
Kf1 Rh8 40. Bc1 Nd5 41. b5 Ba5 42. Bd2 Bxd2 43. Nxd2 Rxh4 44. Be4 Nf4 45. Bxb7 e4 0-1

[Event "*** Titled Tuesday Blitz"]
[Site "Chess.com"]
[Date "2021.03.02"]
[Round "2"]
[White "Chernov_Mikhail"]
[Black "GregShahade"]
[Result "1/2-1/2"]
[WhiteElo "2340"]
[BlackElo "2639"]
[TimeControl "180+1"]
[EndTime "10:17:23 PST"]
[Termination "Game drawn by repetition"]

1. e4 e5 2. Nf3 Nc6 3. Bc4 Nf6 4. Ng5 d5 5. exd5 Na5 6. Bb5+ c6 7. dxc6 bxc6 8. Be2 h6 9. Nh3 Bd6 10. d3 O-O 11.
Nc3 c5 12. O-O Rb8 13. Kh1 Nc6 14. Ng1 Nd4 15. Nf3 Bb7 16. Nd2 Re8 17. Nde4 Bf8 18. Be3 Nd7 19. Bxd4 exd4 20. Nb1 f5 21. Ng3 Qg5 22.
Bf3 Nf6 23. Na3 f4 24. Ne4 Nxe4 25. Bxe4 Bxe4 26. dxe4 Rxe4 27. Nc4 Rbe8 28. Qf3 Re2 29. Rac1 Kh8 30. h3 Qf6 31. Ne3 Rd2 32. Nc4 Rde2 33.
Ne3 Rd2 34. Nc4 Rde2 1/2-1/2

[Event "*** Titled Tuesday Blitz"]
[Site "Chess.com"]
[Date "2021.03.02"]
[Round "2"]
[White "Grandmaster2B"]
[Black "Firegrizzly"]
[Result "1-0"]
[WhiteElo "2491"]
[BlackElo "2664"]
[TimeControl "180+1"]
[EndTime "10:17:24 PST"]
[Termination "Grandmaster2B won by checkmate"]

1. e4 c5 2. Nf3 d6 3. d4 cxd4 4. Nxd4 Nf6 5. Nc3 Nc6 6. Bg5 e6 7.
Qd2 a6 8. O-O-O Be7 9. f4 Bd7 10.
Bxf6 Bxf6 11. Nxc6 Bxc6 12. Qe3 Be7 13. g4 b5 14. Bg2 b4 15. Ne2 a5 16. Kb1 Qc7 17.
Nd4 Bb7 18. Bf3 O-O 19. h4 a4 20. h5 a3 21. b3 Rfc8 22. Rh2 Qc3 23. Qxc3 Rxc3 24.
Rd3 Rac8 25. Rhd2 R3c5 26. Ne2 h6 27. Rd4 Rb5 28. Nc1 Rc3 29. Be2 Rb6 30. Nd3 d5 31. e5 Ba6 32. f5 Bg5 33. Rd1 Bxd3 34. R4xd3 Rc5 35. fxe6 fxe6 36. Rf3 Rb8 37. Bd3 Be7 38. Rdf1 Rf8 39. Rxf8+ Bxf8 40. Bg6 d4 41. Bf7+ Kh8 42. Bxe6 Be7 43. Re1 Bh4 44. Re4 Bf2 45. Bc4 Rc7 46.
Rf4 Bg3 47. Rf8+ Kh7 48. Bg8+ Kh8 49. Bf7+ Kh7 50. Bg6# 1-0

[Event "*** Titled Tuesday Blitz"]
[Site "Chess.com"]
[Date "2021.03.02"]
[Round "2"]
[White "bazar-wokzal"]
[Black "digilik"]
[Result "1/2-1/2"]
[WhiteElo "2538"]
[BlackElo "2249"]
[TimeControl "180+1"]
[EndTime "10:17:24 PST"]
[Termination "Game drawn by repetition"]

1. e4 c5 2. c3 g6 3. d4 cxd4 4.
cxd4 d5 5. e5 Nc6 6. Nc3 Nh6 7. Bf4 Nf5 8. Nf3 Bg7 9. Qd2 e6 10.
O-O-O Qa5 11. Kb1 a6 12. g4 Nfe7 13. h4 h5 14. gxh5 Rxh5 15. Rg1 Bd7 16. Bh3 O-O-O 17.
Bg4 Rhh8 18. Rh1 f6 19. exf6 Bxf6 20. h5 gxh5 21. Rxh5 Rxh5 22. Bxh5 Nf5 23. Ne2 Qxd2 24. Bxd2 Rh8 25. Bg4 Nfxd4 26. Nfxd4 Nxd4 27. Bc3 e5 28.
Bxd7+ Kxd7 29. Nxd4 exd4 30. Bxd4 Bxd4 31. Rxd4 Kd6 32.
Rf4 Rc8 33. Rf7 Kc6 34. Kc2 Re8 35. Kd3 Re6 36. f4 Re1 37. f5 Rd1+ 38. Kc2 Rf1 39. f6 Rf2+ 40. Kc3 Rf3+ 41. Kd4 Rf4+ 42. Kc3 Rf3+ 43.
Kd4 Rf2 44. Kc3 Rf3+ 1/2-1/2